 Dungeon Crawl Stone Soup version 0.27.1-3-gb3d3a73c9e (webtiles) character file.

Game seed: 13348244271588015864

66 seveneves the Covered (level 3, -4/33 HPs)
             Began as a Minotaur Fighter on Oct 13, 2021.
             Slain by Grinder (6 damage)
             ... on level 3 of the Dungeon on Oct 15, 2021.
             The game lasted 00:11:41 (1526 turns).

seveneves the Covered (Minotaur Fighter)            Turns: 1526, Time: 00:11:42

Health: -4/33      AC:  7    Str: 21    XL:     3   Next: 96%
Magic:  2/2        EV:  7    Int:  5    God:
Gold:   25         SH:  9    Dex:  9    Spells: 2/2 levels left

rFire    . . .     SeeInvis .   i - +2 whip (elec)
rCold    . . .     Faith    .   c - +0 kite shield
rNeg     . . .     Spirit   .   b - +0 scale mail
rPois    .         Reflect  .   (helmet restricted)
rElec    .         Harm     .   (no cloak)
rCorr    .         Rampage  .   (no gloves)
Will     .....                  (no boots)
Stlth    ..........             (no amulet)
HPRegen  0.11/turn              (no ring)
MPRegen  0.08/turn              (no ring)

@: no status effects
A: horns 2, retaliatory headbutt
a: no special abilities


You were on level 3 of the Dungeon.
You visited 1 branch of the dungeon, and saw 3 of its levels.

You collected 25 gold pieces.

Inventory:

Hand Weapons
 a - a +0 long sword
 i - a +2 whip of electrocution (weapon)
 m - a +4 dagger
Armour
 b - a +0 scale mail (worn)
 c - a +0 kite shield (worn)
Scrolls
 e - a scroll of amnesia {unknown}
 g - a scroll of enchant weapon {unknown}
 h - a scroll of teleportation {unknown}
 j - a scroll of identify {unknown}
 k - 3 scrolls of magic mapping {unknown}
 l - a scroll of blinking {unknown}
Potions
 d - 2 potions of might


   Skills:
 + Level 4.2 Fighting
 + Level 2.9 Long Blades
 + Level 1.1 Maces & Flails
 + Level 4.3 Armour
 + Level 0.5 Dodging
 + Level 4.1 Shields


You had 2 spell levels left.
You didn't know any spells.
Your spell library contained the following spells:

 Spells                   Type           Power      Damage    Failure   Level
 Beastly Appendage        Tmut           0%         N/A       99%         1
 Wereblood                Tmut           0%         N/A       100%        2
 Spider Form              Tmut/Pois      0%         N/A       100%        3


Dungeon Overview and Level Annotations

Branches:
Dungeon (3/15)

Altars:

Shops:
D:2 (

Annotations:
D:3 Grinder


Innate Abilities, Weirdness & Mutations

You have a pair of horns on your head.
You reflexively headbutt those who attack you in melee.


Message History

You kill the kobold!
You block Grinder's attack.
You hit Grinder.
Grinder is lightly wounded.
Grinder gestures at you.
You suddenly lose the ability to move!
Grinder gestures at you.
You shrug off the repeated paralysis!
Grinder hits you. Grinder hits you but does no damage. Grinder hits you.
Grinder hits you but does no damage.
You can move again.
You hit Grinder. You headbutt Grinder!
Grinder is moderately wounded.
Grinder hits you.
You hit Grinder.
Grinder is moderately wounded.
You block Grinder's attack. Grinder hits you.
You writhe in agony.
* * * LOW HITPOINT WARNING * * *
You are too injured to fight recklessly!
You are too injured to fight recklessly!
You are too injured to fight recklessly!
Unknown command.
You are too injured to fight recklessly!
You are too injured to fight recklessly!
You are too injured to fight recklessly!
Unknown command.
You are too injured to fight recklessly!
You are too injured to fight recklessly!
You are too injured to fight recklessly!
Unknown command.
You are too injured to fight recklessly!
You are too injured to fight recklessly!
You barely miss Grinder.
Grinder is moderately wounded.
Grinder hits you!
* * * LOW HITPOINT WARNING * * *
You writhe in agony.
You die...

#.#.##
#.#.###.#
#.......#
###'#####
##...##
##.....##
##.......##
#$....)...###
+....@....'..
#....5....#.#
##.......##.#
##.....##
##...## ##+##


You could see Grinder.

Vanquished Creatures
  2 adders (D:2)
  A dart slug (D:2)
  6 ball pythons
  3 endoplasms
  7 goblins
  6 hobgoblins
  2 quokkas (D:2)
  6 bats
  A frilled lizard (D:1)
  6 kobolds
  6 rats
46 creatures vanquished.

Notes
Turn   | Place    | Note
-------+----------+-------------------------------------------
     0 | D:1      | seveneves the Minotaur Fighter began the quest for the Orb.
     0 | D:1      | Reached XP level 1. HP: 19/19 MP: 0/0
   178 | D:1      | Reached XP level 2. HP: 27/27 MP: 1/1
   394 | D:1      | Found a faded altar of an unknown god.
   654 | D:2      | Reached XP level 3. HP: 32/33 MP: 2/2
   716 | D:2      | Found Diduhut's Weapon Shoppe.
  1363 | D:2      | Reached skill level 1 in Maces & Flails
  1507 | D:3      | Noticed Grinder
  1512 | D:3      | Paralysed by Grinder for 2 turns
  1519 | D:3      | Paralysed by Grinder for 5 turns
  1526 | D:3      | Slain by Grinder

Illustrated notes

Levels and vault maps discovered:
D:1:      heliophobic_arrival_dark_side_of_the_moon, layout_loops_ring,
          shapermc_ecumenical_altar_venn, chequers_decorated_corner
D:2:      layout_loops_corners, serial_shops, shop
D:3:      layout_loops_corners, serial_shops, nicolae_shop_trees,
          chequers_mini_garden, uniq_grinder, uniq_crazy_yiuf_cottage

Skill      XL: |  1  2  3 |
---------------+----------+-----
Armour         | 4 |  4.3
Fighting       | 4 |  4.2
Shields        | 4 |  4.1
Maces & Flails | 1 |  1.1
Long Blades    | |  2.9
Dodging        | |  0.5

Action                   || total
-------------------------++-------
Melee: Long sword        ||    16
       Headbutt          ||    14
       Whip              ||    58
  Use: Potion            ||     2
Armor: Scale mail        ||    32
Dodge: Dodged            ||    23
Block: Kite shield       ||    39
       Rpst.: Long sword ||     1
